 Dungeon Crawl Stone Soup version bcrawl-1.41.1 (webtiles) character file.

Game seed: 8891529273764708495

203307 Yshiel the Chiller (level 7, -4/50 HPs)
             Began as a Gnoll Ice Elementalist on Apr 13, 2024.
             Slain by Edmund
             ... wielding a +3 dire flail of crushing
              (5 damage)
             ... on level 5 of the Dungeon.
             The game lasted 00:16:20 (3211 turns).

Yshiel the Chiller (Gnoll Ice Elementalist)         Turns: 3211, Time: 00:16:21

Health: -4/50      AC: 14    Str: 11    XL:     7   Next: 5%
Magic:  0/15       EV:  6    Int: 21    God:
Gold:   150        SH:  0    Dex: 15    Spells: 15/16 levels left

rFire    . . .     GDR:     29% r - +1 dagger (holy)
rCold    + . .     SeeInvis .   (no shield)
rNeg     . . .     Gourm    .   l - +3 chain mail {rC+}
rPois    .         Faith    .   (no helmet)
rElec    .         Spirit   .   (no cloak)
rCorr    .         Reflect  .   k - +2 pair of gloves
MR       .....                  (no boots)
Stlth    ..........             (no amulet)
HPRegen  0.18/turn              o - +2 ring of intelligence
MPRegen  0.14/turn              (no ring)

@: slightly contaminated
A: distributed training, fangs 1, strong nose
a: no special abilities


You were on level 5 of the Dungeon.
You were hungry.

You visited 1 branch of the dungeon, and saw 5 of its levels.

You collected 150 gold pieces.

Inventory:

Hand Weapons
 b - a +0 dagger
 f - a +1 hand axe of freezing
 j - a +1 spear of piercing
 r - a +1 dagger of holy wrath (weapon)
Missiles
 d - 994 stones (quivered)
Armour
 a - a +0 robe
 k - a +2 pair of gloves (worn)
 l - a +3 chain mail of cold resistance (worn)
Jewellery
 h - an uncursed amulet of guardian spirit
 o - a +2 ring of intelligence (left hand)
 x - the ring "Rana" {Fire MR+ Dex+2 Stlth-, unknown}
   (You found it on level 5 of the Dungeon)

   [ring of fire]

   It enhances your fire magic.
   It affects your dexterity (+2).
   It protects you from fire.
   It makes you vulnerable to cold.
   It affects your resistance to hostile enchantments.
   It makes you less stealthy.
Wands
 c - a wand of iceblast (1)
Scrolls
 i - 2 scrolls of identify
 n - a scroll of remove curse {unknown}
 p - a scroll of noise {unknown}
 q - a scroll of amnesia {unknown}
 s - a scroll of enchant armour {unknown}
 t - a scroll of fear {unknown}
 u - a scroll of enchant weapon {unknown}
 w - a scroll of fog {unknown}
Potions
 g - a potion of haste {unknown}
 m - a potion of brilliance {unknown}
Comestibles
 e - 5 rations {!d}
 v - 3 chunks of flesh


   Skills:
 + Level 2.2 Fighting
 + Level 2.2 Short Blades
 + Level 2.2 Long Blades
 + Level 2.2 Axes
 + Level 2.2 Maces & Flails
 + Level 2.2 Polearms
 + Level 2.2 Staves
 + Level 2.2 Slings
 + Level 2.2 Bows
 + Level 2.2 Crossbows
 + Level 2.2 Throwing
 + Level 2.2 Armour
 + Level 5.1 Dodging
 + Level 5.1 Stealth
 + Level 2.2 Shields
 + Level 2.2 Unarmed Combat
 + Level 5.4 Spellcasting
 + Level 2.8 Conjurations
 + Level 1.7 Hexes
 + Level 1.7 Charms
 + Level 1.7 Summonings
 + Level 1.7 Necromancy
 + Level 1.7 Translocations
 + Level 1.7 Transmutations
 + Level 1.7 Fire Magic
 + Level 5.7 Ice Magic
 + Level 1.7 Air Magic
 + Level 1.7 Earth Magic
 + Level 1.7 Poison Magic
 + Level 2.4 Invocations
 + Level 2.2 Evocations


You had 15 spell levels left.
You knew the following spells:

 Your Spells              Type           Power        Failure   Level  Hunger
a - Freeze                Ice            ####..       45%         1    None

Your spell library contained the following spells:

 Spells                   Type           Power        Failure   Level  Hunger
 Throw Frost              Conj/Ice       ###...       47%         2    None
 Ozocubu's Armour         Chrm/Ice       ###.....     98%         3    ##.....
 Ice Form                 Ice/Tmut       ###.....     100%        4    ####...
 Summon Ice Beast         Ice/Summ       ###.....     100%        4    ####...
 Throw Icicle             Conj/Ice       ###.....     100%        4    ####...


Dungeon Overview and Level Annotations

Branches:
Dungeon (5/12)
 Temple: D:4-7

Altars:
Xom

Annotations:
D:5 Edmund


Innate Abilities, Weirdness & Mutations

Your experience applies equally to all skills.
You have very sharp teeth.
Your uncanny sense of smell can sniff out nearby items.


Message History

Aiming: Freeze (safe; 45% risk of failure)
Press: ? - help, Shift-Dir - straight line, f/p - Edmund
Aim: Edmund, wielding a +3 dire flail of crushing and wearing a +0 ring mail (heavily wounded)
You freeze Edmund.
Edmund is heavily wounded.
* * * LOW HITPOINT WARNING * * *
You feel sick. Edmund barely misses you.
Edmund asks, "Have you met my wondrous brother?"
* * * LOW HITPOINT WARNING * * *
You feel sick.
You are no longer poisoned.
Casting: Freeze (safe; 45% risk of failure)
Confirm with . or Enter, or press ? or * to list all spells.
Aiming: Freeze (safe; 45% risk of failure)
Press: ? - help, Shift-Dir - straight line, f/p - Edmund
Aim: Edmund, wielding a +3 dire flail of crushing and wearing a +0 ring mail (heavily wounded)
You miscast Freeze.
You hear a crackling sound.
Edmund hits you with a +3 dire flail of crushing.
You die...

###.#...#.............###.#
###.#...#####.....##..###.##
...............##.##.......###
..........###............h...#
#.####)#### #.###.###.###.####
#.# #.# #.# #.......h.# #.#
#.# #.# #####.##### #.# #.#
#.#######.# ..# #.#
#...@@h...# #.#
#.################ #.#
#.......<# #.# ########## #.#
..# #(# #.# #.#


You could see Edmund and a howler monkey.

Vanquished Creatures
  A phantom (D:4)
  A bullfrog (D:3)
  2 orc priests
  An orc wizard (D:5)
  Jessica (D:2)
  Terence (D:2)
  5 adders
  An ooze (D:1)
  An adder zombie (D:5)
  5 worms
  2 dart slugs (D:3)
  2 leopard geckos
  7 orcs
  7 bats
  2 giant cockroaches
  4 goblins
  4 hobgoblins
  10 jackals
  5 kobolds
  2 ball pythons
  A frilled lizard (D:3)
  5 rats
70 creatures vanquished.

Notes
Turn   | Place    | Note
-------+----------+-------------------------------------------
     0 | D:1      | Yshiel the Gnoll Ice Elementalist began the quest for the
                  | Orb.
     0 | D:1      | Reached XP level 1. HP: 13/13 MP: 6/6
   154 | D:1      | Reached XP level 2. HP: 18/20 MP: 1/7
   761 | D:1      | Reached XP level 3. HP: 23/25 MP: 9/9
   892 | D:2      | Reached skill level 5 in Spellcasting
  1040 | D:2      | Reached skill level 1 in Invocations
  1148 | D:2      | Noticed Terence
  1177 | D:2      | Killed Terence
  1178 | D:2      | Reached skill level 1 in Fighting
  1178 | D:2      | Reached skill level 1 in Short Blades
  1178 | D:2      | Reached skill level 1 in Long Blades
  1178 | D:2      | Reached skill level 1 in Axes
  1178 | D:2      | Reached skill level 1 in Maces & Flails
  1178 | D:2      | Reached skill level 1 in Polearms
  1178 | D:2      | Reached skill level 1 in Staves
  1178 | D:2      | Reached skill level 1 in Slings
  1178 | D:2      | Reached skill level 1 in Bows
  1178 | D:2      | Reached skill level 1 in Crossbows
  1178 | D:2      | Reached skill level 1 in Throwing
  1178 | D:2      | Reached skill level 1 in Armour
  1178 | D:2      | Reached skill level 1 in Shields
  1178 | D:2      | Reached skill level 1 in Unarmed Combat
  1178 | D:2      | Reached skill level 1 in Evocations
  1178 | D:2      | Reached XP level 4. HP: 27/32 MP: 11/11
  1644 | D:2      | Noticed Jessica
  1663 | D:2      | Killed Jessica
  1664 | D:2      | Reached skill level 1 in Hexes
  1664 | D:2      | Reached skill level 1 in Charms
  1664 | D:2      | Reached skill level 1 in Summonings
  1664 | D:2      | Reached skill level 1 in Necromancy
  1664 | D:2      | Reached skill level 1 in Translocations
  1664 | D:2      | Reached skill level 1 in Transmutations
  1664 | D:2      | Reached skill level 1 in Fire Magic
  1664 | D:2      | Reached skill level 1 in Air Magic
  1664 | D:2      | Reached skill level 1 in Earth Magic
  1664 | D:2      | Reached skill level 1 in Poison Magic
  1859 | D:3      | Reached XP level 5. HP: 36/37 MP: 12/12
  2017 | D:3      | Noticed a bullfrog
  2024 | D:3      | Killed a bullfrog
  2025 | D:3      | Reached XP level 6. HP: 28/44 MP: 13/13
  2859 | D:4      | Noticed a phantom
  2948 | D:4      | Killed a phantom
  2949 | D:4      | Reached skill level 5 in Dodging
  2949 | D:4      | Reached skill level 5 in Stealth
  2954 | D:5      | Entered Level 5 of the Dungeon
  3051 | D:5      | Reached XP level 7. HP: 37/50 MP: 15/15
  3061 | D:5      | Found a shimmering altar of Xom.
  3109 | D:5      | Got a serpentine bone ring
  3171 | D:5      | Noticed Edmund
  3200 | D:5      | HP: 2/50 [Edmund/+3 dire flail of crushing (2)]
  3206 | D:5      | HP: 2/50 [poisoned by an adder]
  3211 | D:5      | Slain by Edmund

Skill      XL: |  1  2  3  4  5  6 |
---------------+-------------------+-----
Conjurations   | 2 |  2.8
Spellcasting   | 5 |  5.4
Invocations    | 1 2 |  2.4
Fighting       | 1 2 |  2.2
Short Blades   | 1 2 |  2.2
Long Blades    | 1 2 |  2.2
Axes           | 1 2 |  2.2
Maces & Flails | 1 2 |  2.2
Polearms       | 1 2 |  2.2
Staves         | 1 2 |  2.2
Slings         | 1 2 |  2.2
Bows           | 1 2 |  2.2
Crossbows      | 1 2 |  2.2
Throwing       | 1 2 |  2.2
Armour         | 1 2 |  2.2
Shields        | 1 2 |  2.2
Unarmed Combat | 1 2 |  2.2
Evocations     | 1 2 |  2.2
Hexes          | 1 |  1.7
Charms         | 1 |  1.7
Summonings     | 1 |  1.7
Necromancy     | 1 |  1.7
Translocations | 1 |  1.7
Transmutations | 1 |  1.7
Fire Magic     | 1 |  1.7
Air Magic      | 1 |  1.7
Earth Magic    | 1 |  1.7
Poison Magic   | 1 |  1.7
Dodging        | 5 |  5.1
Stealth        | 5 |  5.1
Ice Magic      | |  5.7

Action                   |  1- 3 |  4- 6 |  7- 9 || total
-------------------------+-------+-------+-------++-------
Melee: Unarmed           |     4 |       |       ||     4
       Dagger            |     8 |   148 |    18 ||   174
       Hand axe          |    45 |    90 |       ||   135
       Bite              |     6 |    28 |     2 ||    36
       Spear             |    22 |     2 |       ||    24
       Punch             |     1 |       |       ||     1
 Cast: Freeze            |     9 |     9 |     9 ||    27
  Use: Potion            |     1 |     1 |       ||     2
       Scroll            |     1 |       |       ||     1
 Stab: Sleeping          |     6 |       |       ||     6
       Distracted        |     1 |       |       ||     1
  Eat: Chunk             |     3 |     9 |       ||    12
       Ration            |       |     1 |       ||     1
Armor: Robe              |    18 |       |       ||    18
       Chain mail        |       |   146 |    19 ||   165
Dodge: Dodged            |    59 |    78 |    11 ||   148
